 Dungeon Crawl Stone Soup version 0.25.0-1-g7eea58d2a3 (webtiles) character file.

Game seed: 6168527452385191933

590 Gwenloh the Conjurer (level 7, -3/40 HPs)
             Began as a Deep Elf Conjurer on June 15, 2020.
             Was a Follower of Vehumet.
             Slain by Duvessa
             ... wielding a +0 rapier
              (7 damage)
             ... on level 5 of the Dungeon.
             The game lasted 00:18:55 (5044 turns).

Gwenloh the Conjurer (Deep Elf Conjurer)            Turns: 5044, Time: 00:18:56

Health: -3/40      AC:  2    Str:  5    XL:     7   Next: 15%
Magic:  0/15       EV: 14    Int: 22    God:    Vehumet [*.....]
Gold:   242        SH:  0    Dex: 15    Spells: 3/14 levels left

rFire    . . .     SeeInvis .   i - +0 dagger
rCold    . . .     Gourm    .   (no shield)
rNeg     . . .     Faith    .   a - +0 robe
rPois    .         Spirit   .   (no helmet)
rElec    .         Reflect  .   (no cloak)
rCorr    .         Harm     .   (no gloves)
MR       .....                  (no boots)
Stlth    +++.......             (no amulet)
HPRegen  0.13/turn              (no ring)
MPRegen  0.14/turn              (no ring)

@: no status effects
A: no striking features
a: Renounce Religion


You were on level 5 of the Dungeon.
You worshipped Vehumet.
Vehumet was aware of your devotion.
You were not hungry.

You visited 1 branch of the dungeon, and saw 5 of its levels.

You collected 242 gold pieces.

Inventory:

Hand Weapons
 e - a +0 club
 i - a +0 dagger (weapon)
Armour
 a - a +0 robe (worn)
 d - the +0 buckler of Ru's Wrath {rElec rN++ Stlth-}
   (You found it on level 4 of the Dungeon)

   It insulates you from electricity.
   It greatly protects you from negative energy.
   It makes you less stealthy.
Jewellery
 k - an uncursed ring of protection from magic {unknown}
 u - an uncursed ring of poison resistance
Wands
 m - a wand of acid (9)
 s - a wand of paralysis (9)
Scrolls
 b - 2 scrolls of immolation
 f - 2 scrolls of blinking {unknown}
 h - 2 scrolls of amnesia {unknown}
 j - a scroll of magic mapping {unknown}
 l - 2 scrolls of random uselessness {unknown}
 n - a scroll of enchant armour {unknown}
 o - a scroll of enchant weapon {unknown}
 q - 4 scrolls of teleportation {unknown}
 r - 3 scrolls of identify {unknown}
Potions
 g - 4 potions of curing
 p - a potion of mutation {unknown}
 t - a potion of ambrosia {unknown}
 w - 2 potions of brilliance {unknown}
 x - a potion of resistance {unknown}
Comestibles
 c - 6 rations


   Skills:
 + Level 2.2 Fighting
 - Level 4.1 Dodging
 + Level 4.4 Stealth
 + Level 0.4 Shields
 + Level 4.2 Spellcasting
 * Level 6.5 Conjurations
 - Level 2.2 Hexes
 + Level 1.4 Fire Magic


You had 3 spell levels left.
You knew the following spells:

 Your Spells              Type           Power        Failure   Level  Hunger
a - Magic Dart            Conj           ####         1%          1    None
b - Searing Ray           Conj           ####..       1%          2    #......
c - Dazzling Flash        Conj/Hex       ###...       5%          3    ##.....
d - Foxfire               Conj/Fire      ###.         2%          1    None
e - Fulminant Prism       Conj/Hex       ###.......   19%         4    ####...

Your spell library contained the following spells:

 Spells                   Type           Power        Failure   Level  Hunger
 Summon Small Mammal      Summ           #...         11%         1    None
 Shroud of Golubria       Chrm/Tloc      #.....       17%         2    #......
 Iskenderun's Mystic Bla  Conj/Tloc      ###.....     28%         4    ####...
 Malign Gateway           Summ/Tloc      #.........   100%        7    #######
 Dragon's Call            Summ           #.........   100%        9    #######


Dungeon Overview and Level Annotations

Branches:
Dungeon (5/15)
 Temple: D:4-7

Altars:
Elyvilon
Kikubaaqudgha
Ru
Vehumet

Annotations:
D:4 1 runed translucent door, emiel's ghost, novice MiFi
D:5 Dowan; Duvessa


Message History

Dowan hits you with a +3 antimagic dagger.
You closely miss Dowan.
Dowan hits you with a +3 antimagic dagger.
You closely miss Dowan. Duvessa hits you with a +0 rapier.
Dowan gestures at you while chanting. The puff of frost hits you!
You closely miss Dowan. Duvessa hits you with a +0 rapier!
* * * LOW HITPOINT WARNING * * *
Dowan says, "Stay away from my face!"
Dowan hits you with a +3 antimagic dagger.
* * * LOW HITPOINT WARNING * * *
You feel your power leaking away.
You hit Dowan but do no damage.
Dowan is no longer blind.
Duvessa barely misses you.
Dowan says, "Magic and the sword, together, will defeat you."
Dowan misses you.
You barely miss Dowan. Duvessa hits you but does no damage.
Dowan completely misses you.
You hit Dowan but do no damage. Duvessa hits you with a +0 rapier!
You die...

#.# #.# #e# #.#
#.# #e# #.#
#############.#
#......e@e....#
#.#############
#.# #.# #<# ###


You could see Duvessa and Dowan.

Vanquished Creatures
  2 ogres (D:4)
  A howler monkey (D:4)
  2 orc priests (D:3)
  A hound (D:4)
  2 orc wizards
  2 worker ants (D:4)
  5 adders
  4 gnolls (D:2)
  An ooze (D:2)
  3 worms
  2 dart slugs (D:1)
  14 orcs
  2 ball pythons
  6 giant cockroaches
  4 goblins
  12 hobgoblins
  6 jackals
  7 bats
  6 frilled lizards
  5 kobolds
  7 rats
94 creatures vanquished.

Vanquished Creatures (others)
  6 foxfires (D:2)
6 creatures vanquished.

Grand Total: 100 creatures vanquished

Notes
Turn   | Place    | Note
-------+----------+-------------------------------------------
     0 | D:1      | Gwenloh the Deep Elf Conjurer began the quest for the Orb.
     0 | D:1      | Reached XP level 1. HP: 10/10 MP: 6/6
   250 | D:1      | Reached XP level 2. HP: 15/15 MP: 5/8
   279 | D:1      | Learned a level 2 spell: Searing Ray
  1189 | D:2      | Found a radiant altar of Vehumet.
  1189 | D:2      | Found an ancient bone altar of Kikubaaqudgha.
  1192 | D:2      | Reached XP level 3. HP: 20/20 MP: 7/9
  1197 | D:2      | Learned a level 3 spell: Dazzling Flash
  1211 | D:2      | Became a worshipper of Vehumet
  1272 | D:2      | You fall into a shaft and drop 2 floors!
  1287 | D:4      | Reached skill level 5 in Conjurations
  1633 | D:4      | Reached skill level 1 in Fighting
  1657 | D:4      | Reached XP level 4. HP: 23/25 MP: 6/11
  1674 | D:4      | Identified the Tome of Protection and Companions
  1753 | D:4      | Reached skill level 1 in Hexes
  1786 | D:4      | Found a white marble altar of Elyvilon.
  1856 | D:4      | Noticed an ogre
  1862 | D:4      | Killed an ogre
  1862 | D:4      | Reached XP level 5. HP: 29/29 MP: 8/12
  2458 | D:2      | Reached XP level 6. HP: 34/34 MP: 3/13
  2511 | D:2      | Reached skill level 6 in Conjurations
  2633 | D:2      | Reached * piety under Vehumet
  2633 | D:2      | Offered knowledge of Foxfire by Vehumet.
  2650 | D:2      | Learned a level 1 spell: Foxfire
  2655 | D:2      | Learned a level 4 spell: Fulminant Prism
  4138 | D:3      | Reached skill level 1 in Fire Magic
  4418 | D:3      | Found a sacrificial altar of Ru.
  4528 | D:4      | Got a masterwork buckler
  4534 | D:4      | Identified the +0 buckler of Ru's Wrath {rElec rN++ Stlth-}
                  | (You found it on level 4 of the Dungeon)
  4680 | D:4      | Reached XP level 7. HP: 40/40 MP: 13/15
  4901 | D:4      | Found a runed translucent door.
  4902 | D:4      | Noticed emiel's ghost (novice MiFi)
  4903 | D:4      | Noticed a yak
  5001 | D:5      | Entered Level 5 of the Dungeon
  5017 | D:5      | Noticed Duvessa
  5024 | D:5      | Noticed Dowan
  5044 | D:5      | Slain by Duvessa

Illustrated notes

Levels and vault maps discovered:
D:1:      dpeg_arrival_boxorama, layout_basic, minmay_heptomino_h4
D:2:      layout_loops_cross, chequers_temple_overflow_statue_of_worship,
          minmay_misc_feat_room
D:3:      layout_rooms, nicolae_ru_the_path_less_chosen, first_ration
D:4:      layout_loops_ring, ebering_ghost_inner_flame,
          corexii_leaking_fountain, elyvilon_altar_4
D:5:      layout_basic, minmay_temple_entry_statues_pillars, uniq_sigmund,
          uniq_duvessa, uniq_grinder

Skill      XL: |  1  2  3  4  5  6 |
---------------+-------------------+-----
Dodging        | 3 4 |  4.1
Stealth        | 3 4 |  4.4
Conjurations   | 5 6 |  6.5
Fighting       | 1 2 |  2.2
Hexes          | 1 2 |  2.2
Fire Magic     | 1 |  1.4
Spellcasting   | 4 |  4.2
Shields        | |  0.4

Action                   |  1- 3 |  4- 6 |  7- 9 || total
-------------------------+-------+-------+-------++-------
Melee: Dagger            |       |    15 |     9 ||    24
 Cast: Magic Dart        |    59 |    97 |    14 ||   170
       Searing Ray       |     3 |    21 |     1 ||    25
       Foxfire           |       |     4 |       ||     4
       Dazzling Flash    |       |       |     2 ||     2
  Use: Potion            |       |     3 |       ||     3
  Eat: Chunk             |     2 |     9 |     2 ||    13
Armor: Robe              |     1 |     1 |     1 ||     3
Dodge: Dodged            |     9 |    23 |     7 ||    39
